 Dungeon Crawl Stone Soup version 0.21-a0-591-g2314aa1 (webtiles) character file.

11 Amnesiac the Vexing (level 2, 0/28 HPs)
             Began as an Ogre Arcane Marksman on Dec 22, 2017.
             Slain by a jackal (2 damage)
             ... on level 1 of the Dungeon.
             The game lasted 00:01:24 (299 turns).

Amnesiac the Vexing (Ogre Arcane Marksman)           Turns: 299, Time: 00:01:25

Health: 0/28       AC:  3    Str: 13    XL:     2   Next: 29%
Magic:  1/4        EV: 10    Int: 14    God:
Gold:   8          SH:  0    Dex:  9    Spells: 3/4 levels left

rFire    . . .     SeeInvis .   k - +0 spear
rCold    . . .     Gourm    .   (no shield)
rNeg     . . .     Faith    .   a - +0 robe
rPois    .         Spirit   .   (helmet restricted)
rElec    .         Reflect  .   (no cloak)
rCorr    .         Harm     .   (gloves unavailable)
MR       .....                  (boots unavailable)
Stlth    +.........             (no amulet)
HPRegen  0.09/turn              (no ring)
MPRegen  0.09/turn              (no ring)

@: no status effects
A: large, unfitting armour, tough skin 1
a: no special abilities


You were on level 1 of the Dungeon.
You were not hungry.

You visited 1 branch of the dungeon, and saw 1 of its levels.

You collected 8 gold pieces.

Inventory:

Hand Weapons
 i - a +0 dagger
 k - a +0 spear (weapon)
Missiles
 c - 3 large rocks (quivered)
 d - 2 throwing nets
 e - 36 sling bullets
Armour
 a - a +0 robe (worn)
Scrolls
 g - a scroll of enchant armour {!r, unknown}
 h - 4 scrolls of remove curse {!r, unknown}
Books
 b - a book of Debilitation

   Spells                             Type                      Level
   a - Corona                         Hexes                        1
   b - Slow                           Hexes                        2
   c - Inner Flame                    Hexes/Fire                   3
   d - Portal Projectile              Hexes/Translocation          3
   e - Cause Fear                     Hexes                        4
   f - Leda's Liquefaction            Hexes/Earth                  4
Comestibles
 f - 2 rations


   Skills:
 + Level 1.8 Fighting
 * Level 2.3 Throwing
 - Level 1.7 Dodging
 + Level 1.5 Spellcasting
 + Level 2.8 Hexes


You had 3 spell levels left.
You knew the following spells:

 Your Spells              Type           Power        Failure   Level  Hunger
a - Corona                Hex            #......      8%          1    ##.....


Dungeon Overview and Level Annotations

Branches:
Dungeon (1/15)

Altars:


Innate Abilities, Weirdness & Mutations

You are too large for most types of armour.
You have tough skin. (AC +1)


Message History

The leopard gecko is severely wounded.
The leopard gecko closely misses you. The leopard gecko barely misses you.
You hit the leopard gecko.
The leopard gecko is almost dead.
The leopard gecko bites you.
* * * LOW HITPOINT WARNING * * *
You barely miss the leopard gecko.
The leopard gecko is almost dead.
The leopard gecko bites you.
* * * LOW HITPOINT WARNING * * *
You miss the leopard gecko.
The leopard gecko is almost dead.
The leopard gecko barely misses you. The leopard gecko bites you.
* * * LOW HITPOINT WARNING * * *
You aren't carrying any potions.
You miss the leopard gecko.
The leopard gecko is almost dead.
The leopard gecko bites you but does no damage.
You hit the leopard gecko.
You kill the leopard gecko!
The bat misses you. The bat hits you but does no damage.
A goblin comes into view.
You barely miss the bat. The bat completely misses you.
The bat closely misses you.
You barely miss the bat. The bat barely misses you.
You barely miss the bat. The bat hits you but does no damage. The bat hits you.
* * * LOW HITPOINT WARNING * * *
You hit the bat.
You kill the bat!
Casting: Corona
Confirm with . or Enter, or press ? or * to list all spells.
You don't know that spell.
Casting: Corona
Confirm with . or Enter, or press ? or * to list all spells.
Aiming: Corona
Press: ? - help, Shift-Dir - straight line, f/p - jackal
Aim: a jackal (chance to defeat MR: 62%)
The jackal is outlined in light.
The jackal barely misses you.
Unknown command.
You hit the jackal.
The jackal is almost dead.
The jackal bites you.
* * * LOW HITPOINT WARNING * * *
You hit the jackal.
You kill the jackal!
Casting: Corona
Confirm with . or Enter, or press ? or * to list all spells.
Aiming: Corona
Press: ? - help, Shift-Dir - straight line, f - jackal
Aim: a jackal (chance to defeat MR: 62%)
The jackal struggles to resist.
The jackal barely misses you.
The jackal bites you but does no damage.
Unknown command.
You aren't carrying any potions.
Unknown command.
Casting: Corona
Confirm with . or Enter, or press ? or * to list all spells.
Aiming: Corona
Press: ? - help, Shift-Dir - straight line, f/p - jackal
Aim: a jackal (chance to defeat MR: 62%)
The jackal is outlined in light.
The jackal barely misses you.
Unknown command.
You hit the jackal but do no damage. The jackal bites you.
You die...

... ##.......($...#
...#######.....#.......#
...............#....!..#
..>......). #.........#
..........####.........#
.......g..gK.......(...#
.......K.h.J..(........#
.........gh#######........#
.[.......#@.....##......†#
.......##.......##...##%## ..
.....##.........##....... ...
....##...........##......
.....#.##.............#+.(...
....##.##..............##....
..........(....<.............
.......##..............##....
........'.............##...##


You could see a jackal, 2 goblins and a kobold.

Vanquished Creatures
  A leopard gecko (D:1)
  A ball python (D:1)
  2 goblins (D:1)
  2 jackals (D:1)
  2 bats (D:1)
  A kobold (D:1)
  A rat (D:1)
10 creatures vanquished.

Notes
Turn   | Place    | Note
-------+----------+-------------------------------------------
     0 | D:1      | Amnesiac the Ogre Arcane Marksman began the quest for the Orb.
     0 | D:1      | Reached XP level 1. HP: 19/19 MP: 2/2
   278 | D:1      | Reached XP level 2. HP: 11/28 MP: 4/4
   299 | D:1      | Slain by a jackal

Vault maps used:
D:1:      lemuel_arrival_rhombus

Action                   || total
-------------------------++-------
Melee: Unarmed           ||    22
       Spear             ||    37
       Dagger            ||     1
Throw: Large rock        ||     1
 Cast: Corona            ||     7
Armor: Robe              ||    29
Dodge: Dodged            ||    55

Table legend:
 A = Spawn XP
 B = Non-spawn XP
 C = Spawn XP percentage of total XP
 D = Spawn monster count
 E = Non-spawn monster count
 F = Spawn count percentage of total count
 G = Total turns spent on level
                    A         B        C        D         E        F      G
               +---------+---------+-------+---------+---------+-------+---------
         Total |       0 |      17 |   0.0 |       0 |      10 |   0.0 |   299
               +---------+---------+-------+---------+---------+-------+---------
           D:1 |       0 |      17 |   0.0 |       0 |      10 |   0.0 |   299
               +---------+---------+-------+---------+---------+-------+---------
